Map: Frozen Temple

Players

InvHarstem (Harstem)

  • Race: Protoss Protoss

TRUE - Winner!

  • Race: Zerg Zerg

Event: 2016 WCS Summer Circuit Championship (DH Montreal)

VOD

Have the link to the VOD?

Description

Time

  • Played on: Aug. 13, 2016, 12:06 p.m.
  • Length: 8:14

All games in this series

Show
View Real Time Build Order
Export as new Build Order

InvHarstem Protoss 

Build Orders: 1 Gate Expand, Dark Templar Rush 

Get SALT Encoding   

  12  0:00  Probe (Chrono Boost)  
  13  0:11  Probe (Chrono Boost)  
  14  0:19  Pylon  
  14  0:22  Probe (Chrono Boost)  
  15  0:38  Probe (Chrono Boost)  
  15  0:42  Gateway  
  16  0:48  Probe (Chrono Boost)  
  17  0:53  Assimilator  
  17  0:59  Probe (Chrono Boost)  
  18  1:09  Probe (Chrono Boost)  
  19  1:25  Probe (Chrono Boost)  
  20  1:28  Nexus  
  20  1:38  Cybernetics Core  
  20  1:43  Assimilator  
  20  1:47  Probe (Chrono Boost)  
  21  1:55  Pylon  
  21  1:59  Probe (Chrono Boost)  
  22  2:10  Probe (Chrono Boost)  
  22  2:12  Adept  
  23  2:16  Warp Gate  
  23  2:22  Probe (Chrono Boost)  
  26  2:27  Twilight Council  
  26  2:33  Probe (Chrono Boost)  
  27  2:39  Adept  
  27  2:41  Probe (Chrono Boost)  
  30  2:44  Pylon  
  30  2:48  Probe (Chrono Boost)  
  31  2:53  Probe (Chrono Boost)  
  33  2:58  Probe (Chrono Boost)  
  33  3:03  Probe (Chrono Boost)  
  33  3:05  Dark Shrine  
  34  3:10  Probe (Chrono Boost)  
  35  3:14  Probe (Chrono Boost)  
  35  3:15  Resonating Glaives  
  36  3:20  Probe (Chrono Boost)  
  36  3:24  Probe (Chrono Boost)  
  36  3:26  Gateway  
  38  3:31  Probe (Chrono Boost)  
  39  3:37  Probe (Chrono Boost), Gateway  
  40  3:42  Mothership Core (Chrono Boost)  
  40  3:43  Adept  
  45  3:49  Probe (Chrono Boost)  
  45  4:03  Probe (Chrono Boost)  
  45  4:09  Nexus  
  46  4:13  Probe (Chrono Boost)  
  47  4:27  Probe (Chrono Boost)  
  47  4:28  Probe (Chrono Boost)  
  47  4:30  Pylon  
  45  4:31  Pylon  
  45  4:32  Robotics Facility  
  45  4:37  Probe (Chrono Boost)  
  46  4:43  Assimilator  
  46  4:44  Pylon  
  46  4:46  Assimilator  
  46  4:48  Probe (Chrono Boost)  
  46  4:49  Probe (Chrono Boost), Adept  
  46  4:50  Adept  
  46  4:51  Adept  
  54  4:56  Pylon  
  54  4:59  Probe (Chrono Boost)  
  55  5:03  Probe (Chrono Boost)  
  55  5:04  Forge, Gateway  
  56  5:09  Probe (Chrono Boost)  
  56  5:12  Sentry, Adept  
  62  5:15  Pylon  
  62  5:16  Probe (Chrono Boost)  
  62  5:20  Probe (Chrono Boost)  
  62  5:21  Probe (Chrono Boost)  
  64  5:22  Warp Prism  
  64  5:28  Probe (Chrono Boost)  
  67  5:31  Probe (Chrono Boost)  
  67  5:32  Probe (Chrono Boost)  
  67  5:34  Sentry x2  
  73  5:37  Adept  
  73  5:40  Probe (Chrono Boost)  
  77  5:44  Probe (Chrono Boost)  
  77  5:48  Probe (Chrono Boost)  
  78  5:50  Pylon  
  78  5:52  Probe (Chrono Boost)  
  78  5:53  Protoss Ground Weapons Level 1  
  73  5:57  Adept x3, Immortal  
  73  6:01  Probe (Chrono Boost)  
  82  6:06  Probe (Chrono Boost)  
  82  6:07  Probe (Chrono Boost)  
  84  6:11  Pylon  
  84  6:12  Probe (Chrono Boost)  
  84  6:15  Adept  
  84  6:17  Probe (Chrono Boost), Sentry  
  84  6:18  Sentry x2  
  94  6:21  Probe (Chrono Boost)  
  94  6:22  Probe (Chrono Boost)  
  94  6:24  Photon Cannon  
  96  6:27  Probe (Chrono Boost)  
  96  6:32  Pylon  
  98  6:33  Probe x2 (Chrono Boost)  
  98  6:36  Gateway  
  98  6:38  Stalker  
  101  6:43  Probe (Chrono Boost), Assimilator  
  101  6:46  Assimilator  
  102  6:50  Probe (Chrono Boost)  
  102  6:52  Stargate  
  101  6:58  Stargate  
  101  6:59  Stalker x2  
  101  7:00  Probe (Chrono Boost)  
  101  7:01  Pylon  
  100  7:03  Photon Cannon  
  98  7:14  Probe (Chrono Boost)  
  99  7:15  Adept  
  99  7:16  Stalker  
  99  7:24  Stalker x2  
  99  7:29  Probe (Chrono Boost)  
  90  7:35  Stalker x2, Phoenix  
  83  7:44  Stalker  
  83  7:48  Stalker x2  
  83  7:49  Probe (Chrono Boost)  
  83  7:58  Stalker x2  
Show
View Real Time Build Order
Export as new Build Order

TRUE Zerg - Winner!

Build Orders: Hatch First 

Get SALT Encoding   

  12  0:00  Drone  
  13  0:08  Drone  
  14  0:33  Hatchery  
  13  0:36  Drone  
  14  0:42  Extractor  
  14  0:43  Drone  
  15  0:51  Overlord  
  15  1:17  Drone x3  
  18  1:19  Extractor  
  18  1:21  Spawning Pool  
  16  1:27  Extractor  
  16  1:30  Drone  
  17  1:48  Hatchery  
  17  1:52  Drone  
  17  1:56  Drone  
  17  2:00  Drone  
  19  2:04  Drone  
  20  2:09  Drone  
  20  2:13  Drone  
  22  2:16  Drone  
  22  2:20  Drone  
  24  2:34  Queen  
  26  2:40  Overlord  
  26  2:43  Zergling x2  
  27  2:45  Zergling x2  
  28  2:58  Drone x3, Queen  
  30  2:59  Drone  
  30  3:03  Queen  
  37  3:05  Drone  
  37  3:12  Drone, Overlord  
  38  3:19  Roach Warren  
  37  3:23  Metabolic Boost  
  37  3:25  Drone  
  38  3:27  Drone  
  38  3:29  Drone  
  38  3:31  Drone  
  38  3:34  Drone  
  42  3:35  Drone  
  42  3:37  Drone  
  42  3:40  Drone  
  45  3:41  Drone  
  45  3:43  Drone  
  45  3:46  Drone  
  48  3:52  Drone  
  48  3:54  Drone  
  50  3:56  Overlord  
  50  4:04  Lair  
  50  4:08  Overlord  
  50  4:10  Extractor  
  50  4:12  Drone  
  49  4:17  Drone x3  
  49  4:18  Drone  
  49  4:19  Drone x5  
  49  4:21  Drone  
  49  4:23  Drone  
  57  4:25  Drone  
  57  4:27  Drone  
  57  4:29  Spore Crawler  
  57  4:34  Drone x2  
  57  4:35  Drone  
  60  4:39  Drone  
  60  4:40  Drone x2  
  60  4:42  Drone  
  60  4:44  Drone x2  
  66  4:46  Overlord  
  66  4:50  Overlord  
  66  4:51  Extractor  
  64  5:01  Zergling x4  
  64  5:04  Zergling x2  
  64  5:05  Zergling x6  
  64  5:06  Zergling x8  
  64  5:07  Spire, Overseer  
  72  5:11  Extractor  
  71  5:18  Extractor, Zergling x6  
  71  5:19  Extractor, Zergling x8  
  71  5:20  Zergling x2  
  77  5:36  Overlord x2  
  77  5:49  Overlord  
  69  6:05  Zergling x6  
  69  6:06  Overlord  
  72  6:11  Hatchery  
  71  6:19  Mutalisk x9  
  71  6:23  Mutalisk  
  91  6:28  Queen  
  91  6:30  Mutalisk  
  95  6:34  Zergling x20  
  95  6:35  Zergling x2  
  95  6:38  Mutalisk  
  108  6:41  Mutalisk  
  108  6:46  Overlord  
  110  6:51  Overlord  
  106  6:56  Mutalisk x2  
  107  7:05  Mutalisk  
  107  7:07  Mutalisk  
  111  7:14  Mutalisk  
  112  7:20  Mutalisk  
  112  7:22  Zergling x10  
  108  7:23  Zergling x2  
  108  7:27  Mutalisk  
  103  7:32  Mutalisk  
  105  7:40  Mutalisk  
  105  7:46  Mutalisk  
  105  7:48  Zergling x10  
Tags
 
Add a new tag
Caveats
  • Supply blocks, unpowered buildings, or Contaminate may cause inaccurate times.
  • Supply counts are checked every 10 seconds.